 Dungeon Crawl Stone Soup version 0.30-a0-377-g5cb311bc9f (webtiles) character file.

Game seed: 8976459778945551260

11197 Decritt the Fighter (level 12, -6/95 HPs)
             Began as a Djinni Air Elementalist on Nov 28, 2022.
             Was a Believer of Makhleb.
             Mangled by a white ugly thing (24 damage)
             ... in an ice cave.
             The game lasted 00:36:35 (12568 turns).

Decritt the Fighter (Djinni Air Elementalist)      Turns: 12568, Time: 00:36:35

Health: -6/95      AC: 13    Str: 11    XL:     12   Next: 4%
Gold:   248        EV: 16    Int: 20    God:    Makhleb [**....] SH:  6 Dex: 16

rFire   + + .      SeeInvis .    o - +9 dagger of Pain and Death {vorpal, *Corrode rElec rC+ Stlth+}
rCold   . . .      Faith    .    l - +0 buckler
rNeg    . . .      Spirit   .    j - +1 steam dragon scales
rPois   ∞          Reflect  .    f - +2 helmet
rElec   +          Harm     .    s - +0 cloak
rCorr   .          Rampage  .    A - +0 pair of gloves
Will    ++...                    (boots unavailable)
Stlth   ++++......               v - amulet of Recklessness {RegenMP rElec Str+4 Stlth+}
HPRegen 0.35/turn                d - +4 ring of evasion
MPRegen 0.00/turn                m - ring of willpower

@: animating dead, flying
A: sickness immunity, fire resistance 2, cold vulnerability 1, float, innate
caster, HP casting, extra vitality 1
a: Renounce Religion, Minor Destruction


You were in an ice cave.
You worshipped Makhleb.
Makhleb was pleased with you.
You visited 2 branches of the dungeon, and saw 12 of its levels.
You also visited: Ice Cave.

You collected 616 gold pieces.
You spent 368 gold pieces at shops.

Inventory:

Hand Weapons
 o - the +9 dagger of Pain and Death (weapon) {vorpal, *Corrode rElec rC+ Stlth+}
   (You found it on level 2 of the Dungeon)

   It inflicts extra damage upon your enemies.
   rC:        It protects you from cold.
   rElec:     It insulates you from electricity.
   *Corrode:  It may corrode you when you take damage.
   Stlth:     It makes you more stealthy.
 z - the +5 quarterstaff "Takhluiru" {holy, rPois Int+2}
   (You found it on level 10 of the Dungeon)

   It has been blessed by the Shining One to cause great damage to the undead
   and demons.
   Int:       It affects your intelligence (+2).
   rPois:     It protects you from poison.
Armour
 f - a +2 helmet (worn)
 j - +1 steam dragon scales (worn)
 l - a +0 buckler (worn)
 s - a +0 cloak (worn)
 A - a +0 pair of gloves (worn)
Magical Staves
 w - a staff of death
Jewellery
 d - a +4 ring of evasion (left hand)
 m - a ring of willpower (right hand)
 n - a ring of fire
 u - a ring of positive energy
 v - the amulet of Recklessness (around neck) {RegenMP rElec Str+4 Stlth+}
   (You took it off an orc priest on level 6 of the Dungeon)

   [amulet of magic regeneration]

   It increases your rate of magic regeneration.
   Str:       It affects your strength (+4).
   rElec:     It insulates you from electricity.
   Stlth:     It makes you more stealthy.
Scrolls
 a - 2 scrolls of poison
 b - a scroll of fear
 c - 8 scrolls of teleportation
 g - a scroll of butterflies
 x - a scroll of magic mapping
Potions
 e - 2 potions of curing {unknown}
 h - a potion of invisibility {unknown}
 i - a potion of mutation
 k - a potion of lignification
 p - 2 potions of haste
 q - 2 potions of resistance
 t - a potion of ambrosia {unknown}


   Skills:
 * Level 11.9 Fighting
 + Level 6.1 Armour
 + Level 2.3 Dodging
 - Level 1.5 Stealth
 - Level 6.0 Shields
 + Level 8.7 Spellcasting


You had 4 spell levels left.
You knew the following spells:

 Your Spells              Type           Power      Damage    Failure   Level
a - Shock                 Conj/Air       100%       1d9       1%          1
b - Airstrike             Air            21%        2d(4-20)  2%          4
c - Fulminant Prism       Conj/Hex       21%        3d12      2%          4
d - Static Discharge      Conj/Air       86%        2-6/arc   1%          2
e - Blink                 Tloc           86%        N/A       1%          2
f - Portal Projectile     Hex/Tloc       86%        N/A       1%          3
g - Necrotise             Necr           100%       1d9       1%          1
h - Animate Dead          Necr           43%        N/A       2%          4
s - Swiftness             Air            43%        N/A       1%          3
Your spell library was empty.

Dungeon Overview and Level Annotations

Branches:
Dungeon (11/15)            Temple (1/1) D:7            Lair (0/5) D:10
  IceCv (1/1)
    Orc: D:9-12

Altars:
Ashenzari
Cheibriados
Dithmenos
Elyvilon
Fedhas
Gozag
Hepliaklqana
Makhleb
Okawaru
Qazlal
Ru
Trog
Uskayaw
Wu Jian
Xom
Yredelemnul
Zin
The Shining One

Shops:
D:3 *   D:11 =

Portals:
Abyss: D:1***

Annotations:
D:5 2 transporters, Thjof's ghost, weakling HuDe
D:6 3 runed translucent doors, Bnni's ghost, novice HOFi
D:9 2 transporters


Innate Abilities, Weirdness & Mutations

You are immune to sickness and miasma.
You are immune to poison.
Your flesh is very heat resistant. (rF++)
You are vulnerable to cold. (rC-)
You float through the air rather than walking.
You learn spells naturally, not from books.
Your magical power is your life essence.
You have superior vitality. (+4 MHP)


Message History

The white ugly thing is moderately wounded.
The white ugly thing pecks you but does no damage.
Casting: Airstrike (dangerous; 2% risk of failure)
Confirm with . or Enter, or press ? or * to list all spells.
Aiming: Airstrike (dangerous; 2% risk of failure)
Press: ? - help, Dir - move target, f/p - white ugly thing
Aim: a white ugly thing (moderately wounded, empty space bonus: 3/8)
The air twists around and strikes the white ugly thing!
The white ugly thing is heavily wounded.
The white ugly thing pecks you but does no damage.
Casting: Airstrike (dangerous; 2% risk of failure)
Confirm with . or Enter, or press ? or * to list all spells.
Aiming: Airstrike (dangerous; 2% risk of failure)
Press: ? - help, Dir - move target, f/p - white ugly thing
Aim: a white ugly thing (heavily wounded, empty space bonus: 3/8)
The air twists around and strikes the white ugly thing!
The white ugly thing is heavily wounded.
The white ugly thing pecks you. The white ugly thing freezes you!!
* * * LOW HITPOINT WARNING * * *
Casting: Airstrike (dangerous; 2% risk of failure)
Confirm with . or Enter, or press ? or * to list all spells.
Aiming: Airstrike (dangerous; 2% risk of failure)
Press: ? - help, Dir - move target, f/p - white ugly thing
Aim: a white ugly thing (heavily wounded, empty space bonus: 3/8)
The air twists around and strikes the white ugly thing.
The white ugly thing is severely wounded.
* * * LOW HITPOINT WARNING * * *
The white ugly thing misses you.
Casting: Airstrike (dangerous; 2% risk of failure)
Confirm with . or Enter, or press ? or * to list all spells.
Aiming: Airstrike (dangerous; 2% risk of failure)
Press: ? - help, Dir - move target, f/p - white ugly thing
Aim: a white ugly thing (heavily wounded, empty space bonus: 3/8)
The air twists around and strikes the white ugly thing.
The white ugly thing is severely wounded.
* * * LOW HITPOINT WARNING * * *
The white ugly thing pecks you!
* * * LOW HITPOINT WARNING * * *
The white ugly thing freezes you!!
You die...

# #. ## #### #.# .##
##..#### #.!#..#
##.#....###
#@#.###.#.#.#...#
#.!#u###...######.##
##..#.#..### #...
####...## ##.. ##.##
#.. ### ##.# #..#
##..# ##...#


You could see a white ugly thing.

Vanquished Creatures
  A death yak (IceCv)
  A two-headed ogre (D:9)
  Sonja (D:10)
  2 rime drakes (IceCv)
  3 polar bears (IceCv)
  A troll (D:10)
  Prince Ribbit (D:7)
  17 yaks
  A wyvern (D:8)
  A wraith (D:10)
  2 steam dragons
  2 wargs (D:10)
  3 water moccasins
  3 ice beasts
  2 sky beasts (D:6)
  3 black bears
  5 orc warriors
  6 ogres (D:8)
  2 centaurs (D:8)
  A wolf (IceCv)
  2 kobold brigands
  4 scorpions
  2 bullfrogs
  A necrophage (D:6)
  A gnoll sergeant (D:10)
  3 wights (D:9)
  15 killer bees
  2 hounds
  7 orc priests
  5 gnoll boudas
  2 jellies
  An iguana (D:4)
  5 orc wizards
  A spriggan simulacrum (D:11)
  Robin (D:4)
  3 adders
  22 gnolls
  A naga simulacrum (D:11)
  A shadow imp (D:7)
  A white imp (D:4)
  2 ufetubi
  3 worms
  3 dart slugs
  23 orcs
  10 bats
  4 endoplasms
  5 giant cockroaches
  16 goblins
  8 hobgoblins
  5 quokkas
  6 ball pythons
  5 frilled lizards
  15 kobolds
  4 rats
  3 fulminant prisms
250 creatures vanquished.

Vanquished Creatures (others)
  17 fulminant prisms
  6 fungi (D:8)
  6 plants (D:8)
29 creatures vanquished.

Grand Total: 279 creatures vanquished

Notes
Turn   | Place    | Note
-------+----------+-------------------------------------------
     0 | D:1      | Decritt the Djinni Air Elementalist began the quest for the
                  | Orb.
     0 | D:1      | Decritt set off with the following spells memorised: Shock,
                  | Static Discharge, Swiftness, Airstrike.
     0 | D:1      | Reached XP level 1. HP: 15/15 MP: 0/0
   183 | D:1      | Reached XP level 2. HP: 19/22 MP: 0/0
   335 | D:1      | Reached skill level 1 in Fighting
   758 | D:2      | Reached XP level 3. HP: 21/27 MP: 0/0
   758 | D:2      | Learned a level 1 spell: Necrotise
  1059 | D:2      | Identified the +9 dagger of Pain and Death {vorpal,
                  | *Corrode rElec rC+ Stlth+}
  1103 | D:2      | Reached skill level 2 in Fighting
  1105 | D:2      | Reached XP level 4. HP: 24/33 MP: 0/0
  1593 | D:3      | Reached skill level 3 in Fighting
  1593 | D:3      | Reached XP level 5. HP: 28/40 MP: 0/0
  1593 | D:3      | Learned a level 2 spell: Blink
  1717 | D:3      | Reached XP level 6. HP: 36/46 MP: 0/0
  1867 | D:3      | Found a shimmering altar of Xom.
  1870 | D:3      | Found a basalt altar of Yredelemnul.
  1871 | D:3      | Found a blossoming altar of Fedhas.
  1873 | D:3      | Found a sacrificial altar of Ru.
  1991 | D:3      | Found Xarysel's Assorted Antiques.
  2066 | D:3      | Found a hide-covered altar of Uskayaw.
  2262 | D:4      | Found a hazy altar of Hepliaklqana.
  2309 | D:4      | Reached skill level 4 in Fighting
  2414 | D:4      | Noticed Robin
  2423 | D:4      | Killed Robin
  2542 | D:4      | Reached XP level 7. HP: 51/53 MP: 0/0
  2542 | D:4      | Learned a level 3 spell: Portal Projectile
  2608 | D:4      | You are sucked into a shaft and drop 3 floors!
  2664 | D:7      | Noticed a steam dragon
  2780 | D:5      | Entered Level 5 of the Dungeon
  2979 | D:5      | Reached skill level 5 in Fighting
  3009 | D:5      | Found a transporter.
  3014 | D:5      | Noticed Thjof's ghost (weakling HuDe)
  3055 | D:5      | Found a transporter.
  3163 | D:5      | Noticed a water moccasin
  3172 | D:5      | Killed a water moccasin
  3456 | D:4      | Reached skill level 5 in Spellcasting
  3725 | D:5      | Reached XP level 8. HP: 60/61 MP: 0/0
  3868 | D:5      | Reached skill level 1 in Shields
  4027 | D:6      | Identified the amulet of Recklessness {RegenMP rElec Str+4
                  | Stlth+}
  4037 | D:6      | Reached skill level 6 in Fighting
  4732 | D:6      | Found a runed translucent gate.
  4732 | D:6      | Found a runed translucent gate.
  4732 | D:6      | Found a runed translucent gate.
  4736 | D:6      | Noticed Bnni's ghost (novice HOFi)
  4762 | D:6      | Reached XP level 9. HP: 56/67 MP: 0/0
  4762 | D:6      | Learned a level 4 spell: Fulminant Prism
  4858 | D:6      | Reached skill level 7 in Fighting
  5888 | D:7      | Found a staircase to the Ecumenical Temple.
  5894 | Temple   | Entered the Ecumenical Temple
  5988 | Temple   | Became a worshipper of Makhleb the Destroyer
  6306 | D:7      | Noticed Prince Ribbit
  6666 | D:7      | Reached skill level 8 in Fighting
  6677 | D:7      | Killed Prince Ribbit
  6686 | D:7      | Reached skill level 1 in Armour
  7307 | D:8      | Reached XP level 10. HP: 56/77 MP: 0/0
  8188 | D:8      | Reached skill level 9 in Fighting
  8315 | D:8      | Reached * piety under Makhleb
  8797 | D:9      | Reached skill level 5 in Shields
  9043 | D:9      | Found a glowing golden altar of the Shining One.
  9044 | D:9      | Found a shadowy altar of Dithmenos.
  9062 | D:9      | Noticed a harpy
  9062 | D:9      | Noticed a cyclops
  9069 | D:9      | Noticed a deep elf pyromancer
  9411 | D:9      | Found a transporter.
  9419 | D:9      | Found a transporter.
  9715 | D:9      | Noticed a two-headed ogre
  9727 | D:9      | Killed a two-headed ogre
 10025 | D:10     | Entered Level 10 of the Dungeon
 10040 | D:10     | Reached skill level 10 in Fighting
 10040 | D:10     | Reached XP level 11. HP: 70/85 MP: 0/0
 10040 | D:10     | Learned a level 4 spell: Animate Dead
 10315 | D:10     | Reached ** piety under Makhleb
 10377 | D:10     | Found a staircase to the Lair.
 10425 | D:10     | Noticed Sonja
 10429 | D:10     | Killed Sonja
 10841 | D:10     | Reached skill level 5 in Armour
 10849 | D:10     | Reached skill level 11 in Fighting
 11037 | D:10     | Identified the +5 quarterstaff "Takhluiru" {holy, rPois
                  | Int+2}
 11284 | D:3      | Bought a scroll labelled BIECOA GIMOIRU for 23 gold pieces
 11284 | D:3      | Bought a scroll of teleportation for 69 gold pieces
 11284 | D:3      | Bought a gnarled glowing staff for 276 gold pieces
 11755 | D:11     | Found Amitte's Jewellery Shoppe.
 11791 | D:11     | Found a frozen archway.
 11803 | IceCv    | Entered an ice cave
 12147 | IceCv    | Noticed a death yak
 12161 | IceCv    | Killed a death yak
 12162 | IceCv    | Reached XP level 12. HP: 49/95 MP: 0/0
 12568 | IceCv    | Mangled by a white ugly thing

Illustrated notes

Levels and vault maps discovered:
D:1:      minmay_arrival_glassed_features, layout_loops_ring
D:2:      layout_loops_cross, minmay_misc_feat_diagonals, nicolae_titane
D:3:      layout_loops_cross, nicolae_uskayaw_dance_hall,
          grunt_temple_overflow_open, serial_shops, shop
D:4:      layout_rooms, general_overflow_altar, uniq_robin
D:5:      layout_loops_ring, gammafunk_ghost_stat_death, item_on_display_a
D:6:      layout_loops_corners, ebering_ghost_rock_garden,
          cheibrodos_sewer_entry_sluice
D:7:      layout_loops_ring, minmay_temple_entry_offerings, enter_bailey_3,
          uniq_prince_ribbit1
D:8:      kennysheep_seaside_town, layout_loops_ring, minmay_misc_feat_chi
D:9:      layout_cave_pods, gammafunk_temple_overflow_arena, minmay_holes
D:10:     layout_irregular_city, erik_lair_orcish_takeover,
          minmay_misc_feat_nine_boxes, uniq_sonja
D:11:     nicolae_cairo_tiling_very_big, layout_gridville, serial_shops,
          nicolae_square_shop, portal_ice_cave_entry_ice_simulacra,
          gammafunk_ghost_wrathful_warriors, uniq_urug
Temple:   compressed_dpeg_triangle_lava_temple
IceCv:    ice_cave_small_giant

Skill      XL: |  1  2  3  4  5  6  7  8  9 10 11 |
---------------+----------------------------------+-----
Fighting       | 1 2 3 4 5 6 8 10 11 | 11.9
Spellcasting   | 3 4 5 7 8 |  8.7
Shields        | 2 4 5 6 |  6.0
Armour         | 1 3 6 |  6.1
Dodging        | |  2.3
Stealth        | |  1.5

Action                   |  1- 3 |  4- 6 |  7- 9 | 10-12 || total
-------------------------+-------+-------+-------+-------++-------
Melee: Dagger            |     6 |    56 |   202 |   113 ||   377
 Cast: Shock             |    57 |    87 |    72 |    33 ||   249
       Portal Projectile |       |       |     2 |     1 ||     3
       Blink             |       |       |     1 |       ||     1
       Airstrike         |       |       |     7 |   149 ||   156
       Fulminant Prism   |       |       |     2 |    18 ||    20
       Swiftness         |       |       |     1 |       ||     1
       Animate Dead      |       |       |       |     1 ||     1
  Use: Scroll            |       |     4 |    14 |     9 ||    27
 Stab: Sleeping          |       |       |     3 |     3 ||     6
Armor: Robe              |     4 |     4 |    40 |       ||    48
       Steam dragon scal |       |       |    12 |    38 ||    50
Dodge: Dodged            |    12 |    40 |   250 |   129 ||   431
Block: Buckler           |       |       |    14 |    40 ||    54

Table legend: (Time is in decaauts)
 A = Elapsed time spent in this place.
 B = Non-inter-level travel time spent in this place.
 C = Inter-level travel time spent in this place.
 D = Time resting spent in this place.
 E = Time spent auto-exploring this place.
 F = Levels seen in this place.
 G = Mean time per level.
                   A        B        C        D        E       F      G
               +--------+--------+--------+--------+--------+-----+--------+
         Total |  12581 |  12021 |    560 |   3648 |   6363 |  13 |  967.8 |
       Dungeon |  11393 |  10846 |    547 |   2716 |   6279 |  11 | 1035.7 |
        Temple |    422 |    409 |     13 |    294 |     84 |   1 |  422.0 |
      Ice Cave |    765 |    765 |      0 |    638 |      0 |   1 |  765.0 |
               +--------+--------+--------+--------+--------+-----+--------+

Top non-repeatable levels by time:
     D:6: 1851 daAuts
     D:8: 1617 daAuts
     D:9: 1520 daAuts
    D:10: 1238 daAuts
     D:7: 1167 daAuts
     D:5: 956 daAuts
     D:2: 863 daAuts
     D:3: 846 daAuts
   IceCv: 765 daAuts
     D:4: 668 daAuts
     D:1: 580 daAuts
  Temple: 422 daAuts
    D:11: 81 daAuts
